[Event "45th FIDE Olympiad 2024"]
[Site "Budapest"]
[Date "2024.09.15"]
[Round "5.81"]
[White "Muhammed, Shuaau"]
[Black "Solomon, Joshua"]
[Result "1-0"]
[ECO "B12"]
[WhiteElo "2052"]
[BlackElo "1587"]
[PlyCount "81"]
[EventDate "2024.09.05"]
[EventType "team-tourn"]
[EventCountry "HUN"]
[WhiteTeam "Maldives"]
[BlackTeam "Antigua and Barbuda"]
[WhiteTeamCountry "MDV"]
[TimeControl "40/5400+30:1800+30"]

1. e4 c6 2. d4 d5 3. e5 c5 4. dxc5 e6 5. a3 Bxc5 6. b4 Be7 7. Bb2 Nh6 8. Bd3 O-O 9. Nf3 Nd7 10. Nbd2 a5 11. b5 Nc5 12. a4 Nxd3+ 13. cxd3 Bd7 14. O-O Nf5 15. g4 Nh6 16. h3 f6 17. exf6 Bxf6 18. Bxf6 Qxf6 19. d4 Rac8 20. Ne5 Qh4 21. Kg2 Rc3 22. Ndf3 Qe7 23. Qd2 Rcxf3 24. Nxf3 Be8 25. Ne5 Nf7 26. Nxf7 Bxf7 27. Qxa5 h5 28. Rac1 Qg5 29. f3 h4 30. Qe1 Qf6 31. Qe5 Qg6 32. Rc7 Qd3 33. Rxb7 Qc2+ 34. Rf2 Qxa4 35. b6 Rc8 36. Rb8 Rxb8 37. Qxb8+ Kh7 38. b7 Qxd4 39. Qd8 Qf4 40. b8=Q e5 41. Qxh4+ 1-0

[Event "45th FIDE Olympiad 2024"]
[Site "Budapest"]
[Date "2024.09.15"]
[Round "5.82"]
[White "Delgado Ramirez, Neuris"]
[Black "Lodici, Lorenzo"]
[Result "1-0"]
[ECO "C50"]
[WhiteElo "2484"]
[BlackElo "2556"]
[Annotator "TA"]
[PlyCount "75"]
[EventDate "2024.09.05"]
[EventType "team-tourn"]
[EventCountry "HUN"]
[SourceTitle "playchess.com"]
[Source "ChessBase"]
[SourceQuality "1"]
[WhiteTeam "Paraguay"]
[BlackTeam "Italy"]
[WhiteTeamCountry "PAR"]
[BlackTeamCountry "ITA"]
[TimeControl "40/5400+30:1800+30"]

1. e4 e5 2. Nf3 Nc6 3. Bc4 Nf6 4. d3 Bc5 5. Be3 Bxe3 6. fxe3 Qe7 7. a4 d6 8. O-O Be6 {The position is equal.} 9. Bxe6 Qxe6 10. a5 d5 (10... O-O $11) 11. Nc3 (11. Ng5 $14 Qe7 12. Nc3) 11... h6 $11 12. exd5 Nxd5 13. Nxd5 Qxd5 14. a6 b5 {[#]} 15. c4 $1 bxc4 16. Qa4 O-O 17. Rfc1 Qd6 (17... Qc5 $2 18. d4 (18. Kh1 Qd6 $14) 18... Qd6 19. Qxc4 $18) 18. Rxc4 Ne7 19. Qa3 f6 20. e4 Qb6+ 21. Kf1 Rf7 22. Rb4 Qe6 23. Rc1 Nc6 ({Black should try} 23... Ng6 $11) 24. Rbc4 $14 Nb8 (24... Nd4 $142) 25. Nh4 {White is more active.} (25. Rxc7 Rxc7 26. Rxc7 Nxa6 $14) 25... Nxa6 $2 {[%mdl 8192] Loses the game.} (25... Qb6 $16 {was worth a try.} 26. R1c2 (26. Rb4 Qe6 $16) 26... Kh7 (26... Qxa6 $2 {loses.} 27. Rxc7 Qxa3 28. bxa3 $18) (26... Nxa6 $2 27. Rc6 $18)) 26. Rc6 $18 Qg4 {[#]} 27. Nf3 (27. Qxa6 Qxh4 28. Kg1 Rd7 29. Qc4+ Kh7 30. Rxc7 Rxc7 31. Qxc7 Qf4 $14) 27... Nb8 28. Rxc7 Nd7 {Black is weak on the light squares} 29. Qa2 {[%cal Oh2h3] Strongly threatening h3!} ({Not} 29. Rxa7 Rxa7 30. Qxa7 Nf8 $16) 29... Raf8 30. Rxa7 Kh8 31. Rcc7 f5 32. Rxd7 Rxd7 33. Rxd7 fxe4 34. Qa4 Qf4 {Threatens to win with ...Qc1+.} 35. Qxe4 Qxh2 36. Qg4 {[%csl Gd7][%cal Rg4g7] White mates.} Qh1+ 37. Ke2 Rg8 38. Nxe5 {Weighted Error Value: White=0.06 (flawless) /Black=0.56.  Loses game:     	---       	Black=1      Mistake:       	White=1     	Black=3      Inaccurate:     	White=1     	Black=2      OK:         	White=15    	Black=10     Best:        	White=3     	Black=1} 1-0

[Event "45th FIDE Olympiad 2024"]
[Site "Budapest"]
[Date "2024.09.15"]
[Round "5.82"]
[White "Matthew, Bailey"]
[Black "Mohamed, Hassan"]
[Result "1-0"]
[ECO "D35"]
[WhiteElo "1548"]
[BlackElo "1880"]
[PlyCount "79"]
[EventDate "2024.09.05"]
[EventType "team-tourn"]
[EventCountry "HUN"]
[WhiteTeam "Antigua and Barbuda"]
[BlackTeam "Maldives"]
[BlackTeamCountry "MDV"]
[TimeControl "40/5400+30:1800+30"]

1. d4 Nf6 2. c4 e6 3. Nc3 d5 4. cxd5 exd5 5. Bg5 Be7 6. Qc2 h6 7. Bh4 a6 8. e3 Nc6 9. a3 Bd7 10. Bxf6 Bxf6 11. Nxd5 O-O 12. Bd3 Re8 13. Ne2 Bg4 14. Nxf6+ Qxf6 15. O-O Qg5 16. Rae1 Bf3 17. Ng3 Bd5 18. Bc4 Rad8 19. Bxd5 Rxd5 20. Rc1 h5 21. Ne4 Qg4 22. f3 Qe6 23. Rfe1 Qf5 24. Qf2 f6 25. b4 Qc8 26. Qa2 Qe6 27. Nc3 Ne7 28. Nxd5 Nxd5 29. e4 Nf4 30. Qxe6+ Nxe6 31. d5 Nf4 32. Rxc7 Nxd5 33. Rxb7 Nf4 34. Rd1 Rc8 35. Rd2 Rc3 36. Rdd7 Ne6 37. Re7 Rc6 38. f4 g6 39. Re8+ Nf8 40. Rbb8 1-0

[Event "45th FIDE Olympiad 2024"]
[Site "Budapest"]
[Date "2024.09.15"]
[Round "5.83"]
[White "Moroni, Luca Jr"]
[Black "Cubas, Jose Fernando"]
[Result "1-0"]
[ECO "D45"]
[WhiteElo "2558"]
[BlackElo "2417"]
[Annotator "TA"]
[PlyCount "73"]
[EventDate "2024.09.05"]
[EventType "team-tourn"]
[EventCountry "HUN"]
[SourceTitle "playchess.com"]
[Source "ChessBase"]
[SourceQuality "1"]
[WhiteTeam "Italy"]
[BlackTeam "Paraguay"]
[WhiteTeamCountry "ITA"]
[BlackTeamCountry "PAR"]
[TimeControl "40/5400+30:1800+30"]

1. d4 d5 2. c4 c6 3. Nc3 Nf6 4. e3 e6 5. Nf3 Nbd7 6. Be2 Bd6 7. O-O O-O 8. b3 Qe7 9. Bb2 Re8 10. Re1 dxc4 11. bxc4 e5 {[%cal Be6e5,Be5e4][%mdl 32] The position is equal.} 12. c5 Bc7 13. Bc4 b5 14. Bb3 b4 15. Na4 e4 16. Nd2 Nf8 17. f3 Be6 18. Bc2 Bd5 19. a3 a5 20. fxe4 Nxe4 21. Nxe4 Bxe4 22. Bxe4 Qxe4 23. Qf3 $1 Rab8 24. axb4 axb4 25. Qxe4 Rxe4 26. Bc1 Nd7 (26... f5 $1 $15) 27. Nb2 $11 Nf6 28. Nc4 Nd5 29. Ra6 f5 30. Rxc6 b3 31. g3 Re7 32. Bd2 Ra8 (32... g5 $1 $11 {keeps the balance.}) 33. Rb1 $36 {[%mdl 2048] White is in control.} Ra4 $2 {[#] This move loses the game for Black.} (33... Ra2 $16 {was worth a try.}) 34. Nb6 $18 Bxb6 35. cxb6 Ra2 36. Rxb3 ({Don't do} 36. Bc1 Rb7 37. Rxb3 Ne7 $18) 36... Nxb6 (36... Rxd2 $2 {perishes.} 37. b7 $18) (36... Rb7 {is a better defense.} 37. Be1 h5) 37. Bb4 {Weighted Error Value: White=0.07 (flawless) /Black=0.34.  Loses game:     	---       	Black=1      Mistake:       	---       	Black=3      Inaccurate:     	White=2     	Black=3      OK:         	White=12    	Black=8      Best:        	White=3     	Black=2      Strong:       	White=1     	---} 1-0

[Event "45th FIDE Olympiad 2024"]
[Site "Budapest"]
[Date "2024.09.15"]
[Round "5.83"]
[White "Abdul Rahman, Ali"]
[Black "Farquhar, Abner"]
[Result "0-1"]
[ECO "D00"]
[WhiteElo "1844"]
[BlackElo "1678"]
[PlyCount "106"]
[EventDate "2024.09.05"]
[EventType "team-tourn"]
[EventCountry "HUN"]
[WhiteTeam "Maldives"]
[BlackTeam "Antigua and Barbuda"]
[WhiteTeamCountry "MDV"]
[TimeControl "40/5400+30:1800+30"]

1. d4 d5 2. e3 Nf6 3. Bd3 c5 4. c3 Nc6 5. f4 Bg4 6. Nf3 e6 7. Nbd2 Bd6 8. O-O cxd4 9. cxd4 O-O 10. a3 Qe7 11. Qe1 Bf5 12. Qe2 Ne4 13. Bxe4 Bxe4 14. Nxe4 dxe4 15. Nd2 f5 16. Nc4 Rac8 17. Bd2 Rc7 18. Nxd6 Qxd6 19. Bc3 Rfc8 20. Rad1 Qd5 21. Kh1 Ne7 22. Rg1 Qb3 23. d5 Nxd5 24. Bd4 a6 25. Qh5 Nxe3 26. Qh3 Qxd1 27. Rxd1 Nxd1 28. Qb3 Kf7 29. h3 b5 30. Kh2 Rc2 31. Qg3 e5 32. Bxe5 e3 33. Qxg7+ Ke8 34. Qg8+ Kd7 35. Qd5+ Ke8 36. Qxd1 e2 37. Qe1 R8c4 38. Kg3 Re4 39. Bc3 a5 40. Kf3 b4 41. axb4 axb4 42. Bxb4 Rxb2 43. Bd2 Rxd2 44. Qxd2 e1=Q 45. Qxe1 Rxe1 46. g4 Kf7 47. gxf5 Kf6 48. Kg4 Rg1+ 49. Kh5 Rh1 50. Kg4 h5+ 51. Kxh5 Rxh3+ 52. Kg4 Rh1 53. Kg3 Kxf5 {0-} 0-1

[Event "45th FIDE Olympiad 2024"]
[Site "Budapest"]
[Date "2024.09.15"]
[Round "5.84"]
[White "Almiron, Antonio"]
[Black "Brunello, Sabino"]
[Result "0-1"]
[ECO "B12"]
[WhiteElo "2312"]
[BlackElo "2511"]
[Annotator "TA"]
[PlyCount "132"]
[EventDate "2024.09.05"]
[EventType "team-tourn"]
[EventCountry "HUN"]
[SourceTitle "playchess.com"]
[Source "ChessBase"]
[SourceQuality "1"]
[WhiteTeam "Paraguay"]
[BlackTeam "Italy"]
[WhiteTeamCountry "PAR"]
[BlackTeamCountry "ITA"]
[TimeControl "40/5400+30:1800+30"]

1. e4 c6 2. d4 d5 3. e5 Bf5 4. Nf3 e6 5. Be2 Ne7 6. c3 Nd7 7. O-O Ng6 8. Ne1 f6 9. f4 fxe5 {White is slightly better.} 10. fxe5 c5 11. Be3 Be7 12. Bd3 cxd4 13. cxd4 Nh4 14. Nc3 O-O 15. g3 Bxd3 16. Rxf8+ Nxf8 17. Qxd3 Nf5 18. Bf2 Rc8 19. Rc1 Qd7 20. Rc2 Bb4 21. Qb5 Bxc3 22. Qxd7 Nxd7 23. Rxc3 Rxc3 24. bxc3 $11 {[%mdl 4096] Endgame. KBN-KNN} Nb6 25. Nc2 Kf7 26. Kf1 Nc4 27. Ke2 Ne7 28. Ne3 Nxe3 29. Bxe3 {KB-KN} Nc8 30. g4 Nb6 31. Kd3 Ke8 32. Kc2 Kd7 33. Kb3 Kc6 34. Bg5 Nc4 (34... Kb5 $1 $17) 35. Kb4 Nb2 {...Nd3+ is the strong threat.} 36. Be3 Kb6 37. Kb3 ({White should play} 37. h4 $15) 37... Nc4 $17 38. Bg5 Kb5 $1 39. a4+ (39. Kc2 $142) 39... Kc6 $19 40. h3 b5 41. Bd8 (41. a5 {was necessary.}) 41... bxa4+ $2 (41... a5 $19 {and Black stays clearly on top.} 42. h4 Ne3) 42. Kxa4 $17 Nd2 43. Kb4 {[#]} (43. Ka5 $17 {keeps fighting.}) 43... Ne4 (43... Nf3 $1 $19 {aiming for ...Kd7.} 44. Be7 Kd7) 44. Bh4 g6 45. Be1 {[#]} (45. Ka5 $142) 45... Ng5 $1 46. Bd2 $2 (46. h4 $17 Nf3 47. Bg3) 46... Nxh3 $19 47. Be3 (47. g5 $142 Nf2 48. Be3) 47... g5 48. Ka5 Kb7 49. Kb5 Nf4 50. Kc5 Kc7 51. Kb5 h6 52. Ka6 Kb8 53. Kb5 Kb7 54. Kc5 Kc7 55. Kb5 Ne2 56. Bd2 Nf4 $2 (56... Ng3 $19 57. Bc1 Nf1) 57. Ka6 $2 (57. Be3 $11 Ne2 58. c4) 57... Kb8 58. Bc1 Nd3 59. Be3 Nb2 {And now ...Nd1 would win.} 60. Kb5 Kb7 {Strongly threatening ...a6+.} 61. Kc5 Kc7 62. Bd2 Nc4 63. Bc1 a6 64. Kb4 Kb6 65. Ka4 a5 66. Kb3 Kb5 {Weighted Error Value: White=0.50/Black=0.26 (precise) .  Loses game:     	White=1     	---        Missed win:     	---       	Black=1      Mistake:       	White=6     	Black=2      Inaccurate:     	White=7     	---        OK:         	White=11    	Black=12     Best:        	White=2     	Black=3      Strong:       	---       	Black=2} 0-1

[Event "45th FIDE Olympiad 2024"]
[Site "Budapest"]
[Date "2024.09.15"]
[Round "5.84"]
[White "Solomon, Jonathan"]
[Black "Ibrahim, Imran Saeed"]
[Result "1-0"]
[ECO "D00"]
[WhiteElo "1536"]
[BlackElo "1697"]
[PlyCount "99"]
[EventDate "2024.09.05"]
[EventType "team-tourn"]
[EventCountry "HUN"]
[WhiteTeam "Antigua and Barbuda"]
[BlackTeam "Maldives"]
[BlackTeamCountry "MDV"]
[TimeControl "40/5400+30:1800+30"]

1. d4 d5 2. Bf4 c5 3. e3 Nf6 4. Nf3 Nc6 5. Nbd2 Bf5 6. c3 e6 7. Bb5 Bd6 8. Qa4 Qc7 9. Bxc6+ bxc6 10. Bxd6 Qxd6 11. Ne5 O-O 12. Qxc6 Qxc6 13. Nxc6 c4 14. Ne7+ Kh8 15. Nxf5 exf5 16. O-O Ne4 17. Nxe4 fxe4 18. b3 Rfc8 19. Rfc1 a5 20. bxc4 Rxc4 21. Rc2 Rb8 22. f3 f5 23. Kf2 Kg8 24. Ke2 a4 25. Kd2 Kf7 26. fxe4 fxe4 27. Rf1+ Ke6 28. g4 g6 29. g5 Rb7 30. Rf6+ Ke7 31. h4 Rbc7 32. h5 R7c6 33. Rxc6 Rxc6 34. Rb2 Ke6 35. hxg6 hxg6 36. Rb5 Rc4 37. Rb4 Rxb4 38. cxb4 Kd6 39. a3 Kc6 40. Ke2 Kd6 41. Kf2 Kc6 42. Kg3 Kb5 43. Kf4 Kc4 44. Ke5 Kd3 45. b5 Kxe3 46. b6 Kf3 47. b7 e3 48. b8=Q e2 49. Qf8+ Kg2 50. Qb4 1-0

[Event "45th FIDE Olympiad 2024"]
[Site "Budapest"]
[Date "2024.09.15"]
[Round "5.85"]
[White "Pultinevicius, Paulius"]
[Black "Henderson De La Fuente, Lance"]
[Result "1-0"]
[ECO "D31"]
[WhiteElo "2587"]
[BlackElo "2519"]
[Annotator "TA"]
[PlyCount "99"]
[EventDate "2024.09.05"]
[EventType "team-tourn"]
[EventCountry "HUN"]
[SourceTitle "playchess.com"]
[Source "ChessBase"]
[SourceQuality "1"]
[WhiteTeam "Lithuania"]
[BlackTeam "Andorra"]
[WhiteTeamCountry "LTU"]
[BlackTeamCountry "AND"]
[TimeControl "40/5400+30:1800+30"]

1. d4 d5 2. c4 e6 3. Nc3 c6 4. e4 dxe4 5. Nxe4 Bb4+ 6. Bd2 Qxd4 7. Bxb4 Qxe4+ 8. Ne2 Na6 9. Bf8 Ne7 10. Bxg7 {D31: Queen's Gambit Declined: Semi-Slav without ...Nf6 (+ Marshall Gambit and Noteboom) and Exchange Variation lines without ...Nf6.} Nb4 {Hoping for ...Rg8.} 11. Qd6 Nd3+ 12. Kd2 Nf5 13. Qxd3 Qxd3+ 14. Kxd3 Nxg7 15. Kc3 h5 $146 ({Predecessor:} 15... b6 16. g4 Bb7 17. Bg2 O-O-O 18. Rad1 c5 19. Bxb7+ Kxb7 20. Rxd8 Rxd8 21. Kc2 h5 {½-½ Sadhwani,R (2632)-Anton Guijarro,D (2669) ESP-chT CECLUB Honor 2023 (7.3)}) 16. h4 Bd7 17. Ng3 c5 18. Ne4 b6 $1 19. Nf6+ Ke7 20. Nxd7 Kxd7 21. Bd3 Ke7 22. a3 Nf5 23. Bxf5 exf5 24. g3 Rad8 25. b4 f4 (25... Rhe8 $11) 26. Rhe1+ Kf6 27. Re4 {Prevents Rd4} fxg3 28. Rf4+ $1 (28. fxg3 Rhe8 29. Rf1+ Kg7 30. Rxe8 Rxe8 $17) 28... Kg6 29. Rg1 f6 30. bxc5 (30. fxg3 Rhe8 $11) 30... bxc5 31. Rxg3+ ({Of course not} 31. fxg3 Rhe8 $17) 31... Kf7 32. Rf5 Rd4 33. Rh3 ({Much worse is} 33. Rxc5 Rxh4 34. Rc7+ Ke6 $15) 33... Re8 (33... Kg6 $14 34. Rxc5 Rf4) 34. Rxh5 $16 ({Don't play} 34. Rxc5 $6 Ree4 $14) 34... Rf4 (34... Ree4 $16) 35. Rxc5 $18 Rxf2 36. Rc7+ Kg6 37. Rxa7 Re1 (37... Rc8 $142 38. Rg3+ Kf5) 38. Ra5 Rc1+ 39. Kb4 Rf4 40. Rc5 Rf2 41. h5+ Kh6 42. Rg3 Rb1+ 43. Ka5 Rb7 44. Rb5 Rf7 45. Rc3 f5 46. c5 Re2 47. c6 Ree7 48. Kb6 {Black must now prevent c7.} Re6 49. Rcc5 Ref6 {[#]} 50. Rxf5 $3 1-0

[Event "45th FIDE Olympiad 2024"]
[Site "Budapest"]
[Date "2024.09.15"]
[Round "5.86"]
[White "Fluvia Poyatos, Jordi"]
[Black "Kazakouski, Valery"]
[Result "1/2-1/2"]
[ECO "B12"]
[WhiteElo "2438"]
[BlackElo "2577"]
[Annotator "TA"]
[PlyCount "86"]
[EventDate "2024.09.05"]
[EventType "team-tourn"]
[EventCountry "HUN"]
[SourceTitle "playchess.com"]
[Source "ChessBase"]
[SourceQuality "1"]
[WhiteTeam "Andorra"]
[BlackTeam "Lithuania"]
[WhiteTeamCountry "AND"]
[BlackTeamCountry "LTU"]
[TimeControl "40/5400+30:1800+30"]

1. e4 c6 2. d4 d5 3. e5 Bf5 4. Nf3 e6 5. Be2 Nd7 6. O-O a5 7. Nc3 Bg6 8. Bd2 Ne7 9. Bd3 Bxd3 10. cxd3 Nf5 11. Rc1 h5 12. Qb3 Qb6 13. Qxb6 Nxb6 14. Nd1 Be7 15. Ne3 Nh6 16. h4 Nd7 17. g3 a4 18. Rc2 f6 19. Ng2 Kf7 20. Re1 Nf5 21. Ne3 Nxe3 22. Bxe3 fxe5 23. Nxe5+ Nxe5 24. dxe5 Ra5 25. f4 c5 26. Kf2 b6 27. Kf3 Rc8 28. Rec1 Ke8 29. g4 hxg4+ 30. Kxg4 g6 {The position is equal.} 31. Rh1 Kd7 32. h5 gxh5+ 33. Rxh5 Rg8+ 34. Kf3 Raa8 35. Rh7 d4 36. Bf2 {[#] Bh4 is the strong threat.} Rh8 37. Rxh8 Rxh8 $11 {[%mdl 4096] Endgame. KRB-KRB} 38. Bg3 Kc6 39. Rh2 Rxh2 40. Bxh2 Bh4 41. Bg3 Bxg3 42. Kxg3 Kd7 (42... b5 $5 43. b3 $8 axb3 44. axb3 Kc7 $11) 43. b3 axb3 {Weighted Error Value: White=0.06 (flawless) /Black=0.05 (flawless) .  Inaccurate:     	White=1     	Black=1      OK:         	White=10    	Black=17     Best:        	White=1     	---} 1/2-1/2

[Event "45th FIDE Olympiad 2024"]
[Site "Budapest"]
[Date "2024.09.15"]
[Round "5.87"]
[White "Laurusas, Tomas"]
[Black "De La Riva Aguado, Oscar"]
[Result "1/2-1/2"]
[ECO "E90"]
[WhiteElo "2569"]
[BlackElo "2431"]
[Annotator "TA"]
[PlyCount "51"]
[EventDate "2024.09.05"]
[EventType "team-tourn"]
[EventCountry "HUN"]
[SourceTitle "playchess.com"]
[Source "ChessBase"]
[SourceQuality "1"]
[WhiteTeam "Lithuania"]
[BlackTeam "Andorra"]
[WhiteTeamCountry "LTU"]
[BlackTeamCountry "AND"]
[TimeControl "40/5400+30:1800+30"]

1. d4 Nf6 2. c4 g6 3. Nc3 Bg7 4. e4 d6 5. Nf3 O-O 6. Bd3 Bg4 7. Be2 Nfd7 8. Be3 Bxf3 9. Bxf3 {White is slightly better.} Nc6 10. h4 e5 11. d5 Nd4 12. h5 c5 13. hxg6 fxg6 14. Bg4 Nf6 15. Bh3 Qe8 16. Qd3 a6 {Inhibits Nb5.} 17. a4 (17. Ne2 $14) 17... Kh8 18. g3 b5 19. axb5 ({Of course not} 19. cxb5 axb5 20. O-O bxa4 $15) 19... axb5 20. O-O (20. Rxa8 $11 Qxa8 21. cxb5) 20... Rxa1 ({Better is} 20... bxc4 $17 21. Qxc4 Rb8) 21. Rxa1 $15 bxc4 22. Qd1 (22. Qxc4 $15 {is more appropriate.} g5 23. Bf5 (23. Bxg5 $2 {perishes.} Nf3+ 24. Kg2 Nxg5 $19)) 22... Nh5 23. Bg4 Nf6 24. Bh3 $1 Nh5 25. Bg4 $1 Nf6 {Excellent horsemanship.} 26. Bh3 $1 {Weighted Error Value: White=0.17 (very precise) /Black=0.27 (precise) .  Mistake:       	White=3     	Black=1      Inaccurate:     	White=1     	Black=3      OK:         	White=7     	Black=5      Strong:       	White=3     	---} 1/2-1/2

[Event "45th FIDE Olympiad 2024"]
[Site "Budapest"]
[Date "2024.09.15"]
[Round "5.88"]
[White "Ribera Veganzones, Josep Maria"]
[Black "Pidluznij, Gleb"]
[Result "0-1"]
[ECO "C55"]
[WhiteElo "2167"]
[BlackElo "2425"]
[Annotator "TA"]
[PlyCount "112"]
[EventDate "2024.09.05"]
[EventType "team-tourn"]
[EventCountry "HUN"]
[SourceTitle "playchess.com"]
[Source "ChessBase"]
[SourceQuality "1"]
[WhiteTeam "Andorra"]
[BlackTeam "Lithuania"]
[WhiteTeamCountry "AND"]
[BlackTeamCountry "LTU"]
[TimeControl "40/5400+30:1800+30"]

1. e4 e5 2. Nf3 Nc6 3. Bc4 Nf6 4. d3 Be7 5. Nc3 d6 6. a3 O-O 7. Be3 h6 8. h3 Be6 {The position is equal.} 9. Nd5 Nb8 10. Nxf6+ Bxf6 11. Bxe6 fxe6 12. O-O Nc6 13. Nh2 Qd7 14. Qg4 Kh7 15. g3 Rf7 16. h4 Raf8 17. Kg2 Bd8 18. Qh5 Qe8 {[%cal Of7f2] [#] Hoping for ...Rxf2+!} 19. Qe2 d5 20. Ng4 Be7 21. Rac1 a5 22. c4 d4 23. Bd2 a4 24. c5 Qa8 25. Rc4 Qa6 26. Qd1 Qb5 27. Bb4 Ra8 28. h5 Bg5 29. Qc2 Raf8 30. Rb1 g6 31. Rh1 {aiming for Bd2.} Rf3 (31... gxh5 $16 {was necessary.} 32. Rxh5 Kg6) 32. Qe2 (32. Bd2 $18 gxh5 33. Rxh5) 32... gxh5 33. Rxh5 Kg6 34. Rh2 Kg7 (34... h5 35. Rxh5 $16) 35. Qf1 (35. Qxf3 Rxf3 36. Kxf3 Na5 37. Nxe5 (37. Bxa5 Qxa5 38. Kg2 Qd2 $17) 37... Bf6 $15 (37... Nxc4 38. Nxc4 Qe8 39. Rh3 $11)) 35... Be3 36. Qe2 (36. Kh1 $16) 36... Rxf2+ $1 $17 37. Nxf2 Rxf2+ 38. Qxf2 Bxf2 39. Kxf2 Na5 (39... Nxb4 $142 40. axb4 a3 41. bxa3 Qa4) 40. Bxa5 Qxb2+ 41. Kg1 Qb1+ 42. Kf2 $2 (42. Kg2 $17) 42... Qxd3 $19 43. Rb4 Qc2+ 44. Kg1 Qc1+ ({Worse is} 44... Qxe4 45. Rhb2 $11) 45. Kg2 Qxc5 46. Bxc7 Qxc7 {[%mdl 4096] Endgame. KQ-KRR} 47. Kh3 Qc6 48. Re2 Kg6 49. Kh2 Qc1 {[#] Threatens to win with ...d3.} 50. Rb6 d3 (50... Qxa3 51. Rxe6+ Kf7 52. Rxe5 $15) 51. Rf2 Qc4 (51... Qxa3 52. Rxe6+ Kh7 53. Rxe5 $15) 52. Rb4 Qc5 53. Kg2 b5 (53... Qe3 $142 {...d2 would now be deadly.} 54. Rb1 Qxe4+ 55. Kh2 Qd4) 54. Rbb2 Qe3 55. Rxb5 d2 56. Rf1 Qe2+ {Weighted Error Value: White=0.51/Black=0.21 (precise) .  Loses game:     	White=1     	---        Mistake:       	White=2     	Black=2      Inaccurate:     	White=4     	Black=2      OK:         	White=11    	Black=10     Best:        	White=3     	Black=1      Strong:       	---       	Black=1} 0-1

[Event "45th FIDE Olympiad 2024"]
[Site "Budapest"]
[Date "2024.09.15"]
[Round "5.89"]
[White "Dragnev, Valentin"]
[Black "Khusenkhojaev, Mustafokhuja"]
[Result "1-0"]
[ECO "C90"]
[WhiteElo "2556"]
[BlackElo "2283"]
[Annotator "TA"]
[PlyCount "93"]
[EventDate "2024.09.05"]
[EventType "team-tourn"]
[EventCountry "HUN"]
[SourceTitle "playchess.com"]
[Source "ChessBase"]
[SourceQuality "1"]
[WhiteTeam "Austria"]
[BlackTeam "Tajikistan"]
[WhiteTeamCountry "AUT"]
[BlackTeamCountry "TJK"]
[TimeControl "40/5400+30:1800+30"]

1. e4 e5 2. Nf3 Nc6 3. Bb5 a6 4. Ba4 Nf6 5. O-O Be7 6. Re1 b5 7. Bb3 d6 8. a4 Bd7 9. c3 O-O 10. d4 h6 {C90: Closed Ruy Lopez with 7...d6: Early deviations.} 11. Bc2 $5 {[%mdl 4] Exploring less charted territory.} exd4 12. Nxd4 Rb8 $146 ({Predecessor:} 12... Ne5 13. f4 Ng6 14. e5 dxe5 15. fxe5 Nd5 16. e6 Be8 17. Nd2 Bc5 18. N2b3 Bb6 {1-0 Divya,D (2389)-Makhija,A (2126) Asian Continental (Women) op 20th 2023 (2)}) 13. Nd2 Re8 14. Nf1 b4 15. a5 Bf8 16. Ng3 bxc3 17. bxc3 g6 18. Bf4 Ne5 19. Qc1 c5 20. Nf3 Kh7 (20... Nxf3+ {simplifies} 21. gxf3 h5 22. Bg5 Be7) 21. h4 (21. Nxe5 {simplifies} dxe5 22. Be3 Qc7 23. h3) 21... Nfg4 22. h5 Qf6 (22... Nxf3+ 23. gxf3 Ne5 24. Bxe5 dxe5 25. f4 $14) 23. Bxe5 dxe5 24. Ba4 Bxa4 25. Rxa4 Rb7 26. hxg6+ fxg6 27. Nf1 h5 28. Ra2 Bh6 29. Qd1 Rd8 30. Qe2 Rbd7 $2 (30... Rb3 $14) 31. Rb1 ({Better is} 31. Rb2 $18) 31... Rd3 (31... Qe6 $16 32. Rb6 Qf7 33. Rxa6 Rf8) 32. Rab2 $18 Rxc3 $2 (32... Qf7 {is more resistant.} 33. N1h2 Bf4 34. Nxg4 (34. Rb7 Bxh2+ 35. Nxh2 R8d7 $16) 34... hxg4) 33. Rb7+ $18 Bg7 34. Ra7 Qf4 (34... Rg8 $142 35. Rb6 (35. Qxa6 Rxf3 36. gxf3 Qxf3 $18) (35. Rxa6 Qd8 $18) (35. Qd2 Rxf3 36. gxf3 Qxf3 $16) 35... Qf4) 35. Rbb7 $18 Rg8 36. Rf7 Qc1 37. Qxa6 Rb3 38. Nh4 Qg5 39. Nf3 (39. g3 $142) 39... Qc1 $18 40. N3d2 Rb2 41. Qd6 Kh6 42. Rxg7 Rxg7 43. Qf8 Rxd2 44. Qxg7+ Kg5 45. Ra6 (45. Qe7+ $142 Kf4 46. Qf7+ Kxe4 47. Qxg6+ (47. Qf3+ Kd4 $18) 47... Kd4 48. Rd7+ (48. Qxh5 Nf6 $18) 48... Kc3 49. Rxd2 Nf6 50. Qxf6) 45... Kf4 46. Qf7+ Kxe4 47. Qf3+ (47. Qxg6+ $142 Kf4 48. Qf7+ (48. Qxh5 Rxf2 49. g3+ Ke4 $18) 48... Ke4 49. Qf3+ (49. Qxh5 Rd5 $18) 49... Kd4 50. Rd6+ Kc4 51. Qf7+ (51. Rxd2 Qxf1+ 52. Kxf1 Nh2+ 53. Ke2 Nxf3 54. Kxf3 Kb5 55. Ra2 Ka6) 51... Kc3 52. Qf3+ (52. Rxd2 c4 $18) 52... Kc4 53. Qf7+ (53. Rxd2 Kb4 54. Qb7+ Kc3 55. a6 h4 56. a7 h3 57. Qf3+ Kc4 58. Qxg4+ Kb3) 53... Kc3 54. Qf3+ (54. Rxd2 Qxf1+ 55. Kxf1 Kxd2 56. a6 Nh2+ 57. Kg1 h4 58. a7 Nf3+ 59. Qxf3 h3) 54... Kc4) 1-0

[Event "45th FIDE Olympiad 2024"]
[Site "Budapest"]
[Date "2024.09.15"]
[Round "5.89"]
[White "Hamperl, Fred"]
[Black "Koumba, Mounguen Jose Evrard"]
[Result "1-0"]
[ECO "B51"]
[WhiteElo "1977"]
[BlackElo "1957"]
[PlyCount "69"]
[EventDate "2024.09.05"]
[EventType "team-tourn"]
[EventCountry "HUN"]
[WhiteTeam "Guernsey"]
[BlackTeam "Gabon"]
[TimeControl "40/5400+30:1800+30"]

1. e4 c5 2. Nf3 d6 3. Bb5+ Nc6 4. O-O e6 5. c3 Nge7 6. Re1 a6 7. Bf1 g6 8. d4 cxd4 9. cxd4 Bg7 10. Nc3 O-O 11. d5 Ne5 12. Nxe5 Bxe5 13. a4 Bg7 14. Qb3 e5 15. Be3 f5 16. Bb6 Qd7 17. a5 fxe4 18. Nxe4 Bh6 19. Rad1 Nf5 20. Rd3 Qf7 21. Rf3 Qe7 22. Rc3 Nd4 23. Qb4 Qf7 24. Rc7 Qf5 25. Bxd4 exd4 26. Qxd4 Qf4 27. g3 Qe5 28. Qxe5 dxe5 29. Nc5 Bd2 30. Rxe5 Bxa5 31. Rce7 Bb4 32. d6 b6 33. Ne4 Bf5 34. Bc4+ Kh8 35. Ng5 1-0